Avalanche vs BlackHawks

Created - April-09-13 at 17:54

Goals
1 2 3 OT1 T
Avalanche 2 1 0 0 3
BlackHawks 0 0 3 1 4
Shots
1 2 3 OT1 T
Avalanche 11 8 6 2 27
BlackHawks 5 6 6 1 18

1st period

1. Avalanche , Michael Del Zotto 16 (Teemu Selanne, Kyle Turris) at 14:24 (PP)
2. Avalanche , Marian Hossa 22 (Derek Stepan, Marcus Johansson) at 15:19 (PP)

Penalties :
Jamie McGinn (CHI) for Hooking (Minor) at 1:38, Derek Stepan (COL) for High sticking (Minor) at 1:38, Anton Babchuk (CHI) for Holding (Minor) at 14:01, Tyler Kennedy (CHI) for Interference (Minor) at 14:43, John Carlson (COL) for Cross-checking (Minor) at 16:02

2nd period

3. Avalanche , Marcus Johansson 9 (Milan Jurcina, Teemu Selanne) at 8:28

Penalties :
Jay McClement (CHI) for Tripping (Minor) at 2:13, Brayden Schenn (COL) for Boarding (Minor) at 11:15

3rd period

4. BlackHawks , Bryan Little 27 (Zach Parise, P.K. Subban) at 0:06
5. BlackHawks , Samuel Pahlsson 6 (P.K. Subban, Louis Leblanc) at 11:34
6. BlackHawks , P.K. Subban 7 (Samuel Pahlsson) at 12:53 (PP)

Penalties :
Brett Clark (CHI) for Hooking (Minor) at 0:35, P.K. Subban (CHI) for Holding (Minor) at 3:17, John Carlson (COL) for Hooking (Minor) at 12:13

Overtime #1

7. BlackHawks , Samuel Pahlsson 7 (Brett Clark, P.K. Subban) at 3:07

Penalties :
No Penalty

Goalie Stats

Evgeni Nabokov (COL), 14 saves from 18 shots - (0.778), OTL, 9-11-4, 63:08 minutes
Martin Brodeur (CHI), 24 saves from 27 shots - (0.889), W, 12-13-1, 63:08 minutes

Players Stats for Avalanche

Player Name              G  A  P  +/- PIM S  H  SB GA TA FO     MP     PP MP  PK MP  
------------------------------------------------------------------------------------
Brayden McNabb           0  0  0   0  0   0  1  1  0  0  0/0    18:49   0:00   2:35 
Brayden Schenn           0  0  0  -1  2   1  6  1  0  0  1/3    18:53   3:43   0:00 
Chris Stewart            0  0  0   0  0   1  0  0  0  0  0/0     8:39   0:00   0:00 
Cody Hodgson             0  0  0  -1  0   0  0  0  0  0  10/16  15:11   0:00   0:00 
Derek Stepan             0  1  1   1  2   5  2  0  0  0  12/21  21:59   3:13   2:49 
John Carlson             0  0  0  -3  4   0  1  2  0  0  0/0    22:28   2:44   1:09 
Justin Abdelkader        0  0  0  -1  0   0  1  0  0  0  5/6     7:07   0:00   0:00 
Kevin Shattenkirk        0  0  0  -2  0   1  3  0  0  0  0/0    24:21   2:44   2:03 
Kyle Turris              0  1  1  -1  0   3  0  0  0  0  12/29  17:15   3:43   1:49 
Marcus Johansson         1  1  2   1  0   2  0  0  0  0  1/1    18:43   3:13   0:00 
Marian Hossa             1  0  1  -1  0   7  0  0  0  0  0/0    21:48   3:13   1:49 
Matt Gilroy              0  0  0   0  0   0  2  1  0  0  0/0    19:58   4:12   0:00 
Matt Halischuk           0  0  0  -2  0   0  0  0  0  0  1/1    10:11   0:00   0:00 
Michael Del Zotto        1  0  1   0  0   3  2  4  0  0  0/0    25:50   4:12   2:41 
Milan Jurcina            0  1  1   1  0   1  1  1  0  0  0/0    14:48   0:00   0:48 
Petr Sykora              0  0  0   0  0   1  0  0  0  0  0/0     8:39   0:00   0:00 
Ryan White               0  0  0  -1  0   0  0  0  0  0  2/3    11:31   0:00   2:49 
Teemu Selanne            0  2  2   1  0   2  0  0  0  0  0/0    19:41   3:43   0:00 

Players Stats for BlackHawks

Player Name              G  A  P  +/- PIM S  H  SB GA TA FO     MP     PP MP  PK MP  
------------------------------------------------------------------------------------
Anton Babchuk            0  0  0   0  2   0  0  1  0  0  0/0    18:59   0:30   4:11 
Brett Clark              0  1  1   1  2   1  1  1  0  0  0/0    22:52   1:25   2:47 
Bryan Little             1  0  1   1  0   3  0  1  0  0  8/13   29:17   2:33   4:46 
Chris Campoli            0  0  0   0  0   1  0  0  0  0  0/0    19:15   1:25   0:00 
Daniel Paille            0  0  0   1  0   1  0  0  0  0  0/0    12:55   0:00   1:17 
Darren Helm              0  0  0   1  0   1  5  0  0  0  9/22   16:29   2:33   0:04 
Davis Drewiske           0  0  0   0  0   0  0  0  0  0  0/0     0:00   0:00   0:00 
Jack Hillen              0  0  0   1  0   0  0  0  0  0  0/0    25:03   2:43   3:46 
Jamie McGinn             0  0  0   0  2   0  4  0  0  0  0/2    21:51   2:05   1:49 
Jay McClement            0  0  0   0  2   0  1  0  0  0  3/6     5:56   0:00   1:07 
Louis Leblanc            0  1  1   1  0   1  1  0  0  0  0/0    15:45   0:00   4:49 
Mark Eaton               0  0  0   0  0   1  2  1  0  0  0/0    13:12   0:00   0:35 
P.K. Subban              1  3  4   2  2   2  2  2  0  0  0/0    26:52   3:13   2:33 
Robyn Regehr             0  0  0   0  0   0  0  0  0  0  0/0     0:00   0:00   0:00 
Samuel Pahlsson          2  1  3   2  0   3  0  0  0  0  8/13   14:34   2:05   0:00 
Simon Gagne              0  0  0  -1  0   1  2  0  0  0  2/5    22:14   2:05   0:00 
Tyler Kennedy            0  0  0  -1  2   1  2  1  0  0  6/19   17:02   0:00   0:00 
Zach Parise              0  1  1   1  0   2  2  0  0  0  0/0    21:15   2:33   0:00 

3 Stars

1 - Samuel Pahlsson (CHI)
2 - P.K. Subban (CHI)
3 - Marcus Johansson (COL)

Power Play

Avalanche - 2 on 5 Attempt(s) - 40.00%
BlackHawks - 1 on 3 Attempt(s) - 33.33%

Penalty Kill

Avalanche - 2 on 3 Attempt(s) - 66.67% - Score 0 goal in Penalty Kill
BlackHawks - 3 on 5 Attempt(s) - 60.00% - Score 0 goal in Penalty Kill

Official

Referees : Paul Devorski and Brad Meier
Linesman : Scott Cherrey and Dan Schachte

Game Notes

No Game Note

Finance

Level 1 -- Attendance: 4255 (65.46%) -- Ticket Income $638,250
Level 2 -- Attendance: 3122 (62.44%) -- Ticket Income $349,664
Level 3 -- Attendance: 1974 (56.40%) -- Ticket Income $157,920
Level 4 -- Attendance: 2015 (44.78%) -- Ticket Income $114,855
Luxury Box -- Attendance: 650 (65.00%) -- Ticket Income $195,000
Game was played at the United Center
Total Attendance: 12016 (58.61%)
Total Ticket Income: $1,455,689
Other Income: $218,353
Total Income: $1,674,042


% Time on Ice - Avalanche

Lines # - Real PCT - Wanted PCT - Time Play
Normal Forward
1 - 33% - 36% - 15:30
2 - 33% - 35% - 15:11
3 - 19% - 21% - 8:39
4 - 15% - 8% - 7:07
Normal Defense
1 - 34% - 36% - 15:46
2 - 33% - 34% - 15:09
3 - 29% - 20% - 13:34
4 - 4% - 10% - 1:58
PP Forward
1 - 46% - 55% - 3:13
2 - 54% - 45% - 3:43
PP Defense
1 - 61% - 55% - 4:12
2 - 39% - 45% - 2:44
PK Forward
1 - 61% - 55% - 2:49
2 - 39% - 45% - 1:49
PK Defense
1 - 38% - 55% - 1:45
2 - 62% - 45% - 2:53
PK3 Forward
1 - 0% - 50%
2 - 0% - 50%
PK3 Defense
1 - 0% - 50%
2 - 0% - 50%
44 Forward
1 - 69% - 55% - 3:32
2 - 31% - 45% - 1:35
44 Defense
1 - 48% - 55% - 2:27
2 - 52% - 45% - 2:40
Last Minute Offensive  - 0:00
Last Minute Defensive  - 0:00
Total
Forward - 63:08
Defense - 63:08

% Time on Ice - BlackHawks

Lines # - Real PCT - Wanted PCT - Time Play
Normal Forward
1 - 30% - 40% - 13:52
2 - 36% - 30% - 16:49
3 - 10% - 20% - 4:50
4 - 24% - 10% - 10:56
Normal Defense
1 - 35% - 40% - 16:08
2 - 33% - 30% - 15:24
3 - 27% - 20% - 12:37
4 - 5% - 10% - 2:18
PP Forward
1 - 55% - 60% - 2:33
2 - 45% - 40% - 2:05
PP Defense
1 - 69% - 60% - 3:13
2 - 31% - 40% - 1:25
PK Forward
1 - 74% - 60% - 5:07
2 - 26% - 40% - 1:49
PK Defense
1 - 36% - 60% - 2:29
2 - 64% - 40% - 4:27
PK3 Forward
1 - 0% - 60%
2 - 0% - 40%
PK3 Defense
1 - 0% - 60%
2 - 0% - 40%
44 Forward
1 - 65% - 60% - 3:20
2 - 35% - 40% - 1:47
44 Defense
1 - 48% - 60% - 2:26
2 - 52% - 40% - 2:41
Last Minute Offensive  - 0:00
Last Minute Defensive  - 0:00
Total
Forward - 63:08
Defense - 63:08

Play by Play

1st period


0:01 of 1st period - Marcus Johansson wins face-off versus Darren Helm in neutral zone.
1:38 of 1st period - Minor Penalty to Jamie McGinn for Hooking.
1:38 of 1st period - Minor Penalty to Derek Stepan for High sticking.
1:39 of 1st period - Kyle Turris wins face-off versus Simon Gagne in neutral zone.
1:54 of 1st period - Shot by Bryan Little.
1:54 of 1st period - Shot Misses the Net.
2:20 of 1st period - Matt Halischuk is hit by Simon Gagne and loses puck.
2:55 of 1st period - Shot by Milan Jurcina.
2:55 of 1st period - Stopped by Martin Brodeur without a rebound.
2:56 of 1st period - Samuel Pahlsson wins face-off versus Ryan White in BlackHawks zone.
3:09 of 1st period - Shot by Marian Hossa.
3:09 of 1st period - Stopped by Martin Brodeur without a rebound.
3:10 of 1st period - Samuel Pahlsson wins face-off versus Kyle Turris in BlackHawks zone.
3:41 of 1st period - Shot by Kyle Turris.
3:41 of 1st period - Stopped by Martin Brodeur without a rebound.
3:42 of 1st period - Cody Hodgson wins face-off versus Jay McClement in BlackHawks zone.
3:51 of 1st period - Shot by Marian Hossa.
3:51 of 1st period - Stopped by Martin Brodeur without a rebound.
3:52 of 1st period - Cody Hodgson wins face-off versus Samuel Pahlsson in BlackHawks zone.
4:03 of 1st period - Anton Babchuk is hit by Brayden Schenn and loses puck.
4:09 of 1st period - Icing by Louis Leblanc.
4:10 of 1st period - Samuel Pahlsson wins face-off versus Kyle Turris in BlackHawks zone.
4:26 of 1st period - Shot by Petr Sykora.
4:26 of 1st period - Shot Misses the Net.
4:28 of 1st period - Shot by Chris Stewart.
4:28 of 1st period - Shot Blocked by Anton Babchuk.
4:57 of 1st period - Brayden McNabb is hit by Louis Leblanc.
6:00 of 1st period - Icing by Zach Parise.
6:01 of 1st period - Justin Abdelkader wins face-off versus Darren Helm in BlackHawks zone.
6:27 of 1st period - Icing by Brett Clark.
6:28 of 1st period - Derek Stepan wins face-off versus Tyler Kennedy in BlackHawks zone.
6:39 of 1st period - Shot by Derek Stepan.
6:39 of 1st period - Shot Misses the Net.
6:41 of 1st period - Shot by Derek Stepan.
6:41 of 1st period - Stopped by Martin Brodeur without a rebound.
6:42 of 1st period - Kyle Turris wins face-off versus Tyler Kennedy in BlackHawks zone.
8:29 of 1st period - Shot by Cody Hodgson.
8:29 of 1st period - Shot Blocked by Bryan Little.
8:31 of 1st period - Shot by Cody Hodgson.
8:31 of 1st period - Shot Misses the Net.
9:09 of 1st period - Shot by Teemu Selanne.
9:09 of 1st period - Shot Misses the Net.
9:19 of 1st period - Shot by Marcus Johansson.
9:19 of 1st period - Deflect By Teemu Selanne.
9:19 of 1st period - Shot Misses the Net.
9:26 of 1st period - Icing by Brett Clark.
9:27 of 1st period - Justin Abdelkader wins face-off versus Samuel Pahlsson in BlackHawks zone.
9:48 of 1st period - Shot by Kevin Shattenkirk.
9:48 of 1st period - Stopped by Martin Brodeur without a rebound.
9:49 of 1st period - Tyler Kennedy wins face-off versus Cody Hodgson in BlackHawks zone.
10:36 of 1st period - Simon Gagne is hit by Brayden Schenn and loses puck.
11:14 of 1st period - Shot by Milan Jurcina.
11:14 of 1st period - Deflect By Marcus Johansson.
11:14 of 1st period - Stopped by Martin Brodeur without a rebound.
11:15 of 1st period - Darren Helm wins face-off versus Kyle Turris in BlackHawks zone.
11:17 of 1st period - Icing by Zach Parise.
11:18 of 1st period - Darren Helm wins face-off versus Kyle Turris in BlackHawks zone.
11:36 of 1st period - Kevin Shattenkirk is hit by Darren Helm and loses puck.
11:58 of 1st period - Shot by Bryan Little.
11:58 of 1st period - Stopped by Evgeni Nabokov without a rebound.
11:59 of 1st period - Brayden Schenn wins face-off versus Samuel Pahlsson in Avalanche zone.
12:08 of 1st period - Brett Clark is hit by Michael Del Zotto and loses puck.
12:57 of 1st period - Louis Leblanc is hit by Brayden McNabb and loses puck.
13:19 of 1st period - Teemu Selanne is hit by Jay McClement and loses puck.
13:38 of 1st period - Shot by Bryan Little.
13:38 of 1st period - Shot Blocked by John Carlson.
13:45 of 1st period - John Carlson is hit by Zach Parise and loses puck.
13:49 of 1st period - John Carlson is hit by Mark Eaton and loses puck.
14:01 of 1st period - Minor Penalty to Anton Babchuk for Holding.
14:02 of 1st period - Darren Helm wins face-off versus Kyle Turris in BlackHawks zone.
14:08 of 1st period - Icing by Michael Del Zotto.
14:09 of 1st period - Bryan Little wins face-off versus Kyle Turris in Avalanche zone.
14:22 of 1st period - Shot by Michael Del Zotto.
14:22 of 1st period - Stopped by Martin Brodeur with a rebound.
14:24 of 1st period - Shot by Michael Del Zotto.
14:24 of 1st period - Goal by Michael Del Zotto - Avalanche : 1 - BlackHawks : 0.
14:25 of 1st period - Matt Halischuk wins face-off versus Tyler Kennedy in neutral zone.
14:43 of 1st period - Minor Penalty to Tyler Kennedy for Interference.
14:44 of 1st period - Derek Stepan wins face-off versus Bryan Little in BlackHawks zone.
14:45 of 1st period - Shot by Michael Del Zotto.
14:45 of 1st period - Stopped by Martin Brodeur without a rebound.
14:46 of 1st period - Bryan Little wins face-off versus Derek Stepan in BlackHawks zone.
14:54 of 1st period - Off-side.
14:55 of 1st period - Bryan Little wins face-off versus Derek Stepan in neutral zone.
14:55 of 1st period - Bryan Little is hit by Derek Stepan.
15:19 of 1st period - Shot by Marian Hossa.
15:19 of 1st period - Goal by Marian Hossa - Avalanche : 2 - BlackHawks : 0.
15:20 of 1st period - Kyle Turris wins face-off versus Tyler Kennedy in neutral zone.
15:20 of 1st period - John Carlson is hit by Jamie McGinn.
16:02 of 1st period - Minor Penalty to John Carlson for Cross-checking.
16:03 of 1st period - Derek Stepan wins face-off versus Darren Helm in Avalanche zone.
16:07 of 1st period - Off-side.
16:08 of 1st period - Derek Stepan wins face-off versus Darren Helm in neutral zone.
16:19 of 1st period - Shot by P.K. Subban.
16:19 of 1st period - Shot Misses the Net.
16:21 of 1st period - Shot by Bryan Little.
16:21 of 1st period - Stopped by Evgeni Nabokov without a rebound.
16:22 of 1st period - Derek Stepan wins face-off versus Darren Helm in Avalanche zone.
16:22 of 1st period - Michael Del Zotto is hit by Darren Helm and loses puck.
16:35 of 1st period - Kevin Shattenkirk is hit by Zach Parise and loses puck.
16:50 of 1st period - Shot by Darren Helm.
16:50 of 1st period - Stopped by Evgeni Nabokov without a rebound.
16:51 of 1st period - Samuel Pahlsson wins face-off versus Kyle Turris in Avalanche zone.
17:07 of 1st period - Shot by Chris Campoli.
17:07 of 1st period - Shot Blocked by Michael Del Zotto.
17:09 of 1st period - Shot by Brett Clark.
17:09 of 1st period - Shot Misses the Net.
17:11 of 1st period - Shot by Simon Gagne.
17:11 of 1st period - Shot Blocked by Michael Del Zotto.
17:17 of 1st period - Shot by Simon Gagne.
17:17 of 1st period - Shot Misses the Net.
17:29 of 1st period - Shot by Chris Campoli.
17:29 of 1st period - Stopped by Evgeni Nabokov without a rebound.
17:30 of 1st period - Darren Helm wins face-off versus Kyle Turris in Avalanche zone.
17:50 of 1st period - Marian Hossa is hit by Darren Helm and loses puck.
18:09 of 1st period - Shot by Daniel Paille.
18:09 of 1st period - Stopped by Evgeni Nabokov without a rebound.
18:10 of 1st period - Derek Stepan wins face-off versus Tyler Kennedy in Avalanche zone.
19:18 of 1st period - Shot by Bryan Little.
19:18 of 1st period - Shot Misses the Net.
19:26 of 1st period - Shot by Zach Parise.
19:26 of 1st period - Shot Blocked by Milan Jurcina.

2nd period


0:01 of 2nd period - Darren Helm wins face-off versus Cody Hodgson in neutral zone.
0:01 of 2nd period - Zach Parise is hit by Brayden Schenn and loses puck.
0:11 of 2nd period - Marian Hossa is hit by P.K. Subban and loses puck.
1:09 of 2nd period - Shot by Derek Stepan.
1:09 of 2nd period - Stopped by Martin Brodeur without a rebound.
1:10 of 2nd period - Kyle Turris wins face-off versus Tyler Kennedy in BlackHawks zone.
1:13 of 2nd period - Shot by Petr Sykora.
1:13 of 2nd period - Shot Misses the Net.
1:19 of 2nd period - Shot by Simon Gagne.
1:19 of 2nd period - Stopped by Evgeni Nabokov without a rebound.
1:20 of 2nd period - Derek Stepan wins face-off versus Jamie McGinn in Avalanche zone.
1:31 of 2nd period - Shot by Derek Stepan.
1:31 of 2nd period - Deflect By Marcus Johansson.
1:31 of 2nd period - Shot Misses the Net.
2:04 of 2nd period - Shot by Derek Stepan.
2:04 of 2nd period - Stopped by Martin Brodeur without a rebound.
2:05 of 2nd period - Cody Hodgson wins face-off versus Samuel Pahlsson in BlackHawks zone.
2:08 of 2nd period - Shot by Marian Hossa.
2:08 of 2nd period - Stopped by Martin Brodeur without a rebound.
2:09 of 2nd period - Jay McClement wins face-off versus Cody Hodgson in BlackHawks zone.
2:13 of 2nd period - Minor Penalty to Jay McClement for Tripping.
2:14 of 2nd period - Bryan Little wins face-off versus Brayden Schenn in BlackHawks zone.
2:14 of 2nd period - Bryan Little is hit by Brayden Schenn.
2:21 of 2nd period - Icing by Teemu Selanne.
2:22 of 2nd period - Bryan Little wins face-off versus Kyle Turris in Avalanche zone.
2:28 of 2nd period - Icing by Michael Del Zotto.
2:29 of 2nd period - Bryan Little wins face-off versus Kyle Turris in Avalanche zone.
3:05 of 2nd period - Shot by Matt Gilroy.
3:05 of 2nd period - Shot Misses the Net.
3:12 of 2nd period - Icing by Teemu Selanne.
3:13 of 2nd period - Kyle Turris wins face-off versus Jamie McGinn in Avalanche zone.
3:54 of 2nd period - Marian Hossa is hit by Jamie McGinn and loses puck.
4:07 of 2nd period - Shot by Marian Hossa.
4:07 of 2nd period - Deflect By Derek Stepan.
4:07 of 2nd period - Stopped by Martin Brodeur without a rebound.
4:08 of 2nd period - Derek Stepan wins face-off versus Bryan Little in BlackHawks zone.
5:19 of 2nd period - Shot by Chris Stewart.
5:19 of 2nd period - Deflect By Kyle Turris.
5:19 of 2nd period - Stopped by Martin Brodeur with a rebound.
5:41 of 2nd period - Shot by Kyle Turris.
5:41 of 2nd period - Shot Misses the Net.
6:02 of 2nd period - Samuel Pahlsson is hit by Matt Gilroy and loses puck.
6:13 of 2nd period - Shot by Louis Leblanc.
6:13 of 2nd period - Shot Misses the Net.
6:15 of 2nd period - Shot by Samuel Pahlsson.
6:15 of 2nd period - Shot Blocked by Brayden Schenn.
6:46 of 2nd period - Brett Clark is hit by Milan Jurcina and loses puck.
6:55 of 2nd period - Shot by Derek Stepan.
6:55 of 2nd period - Stopped by Martin Brodeur without a rebound.
6:56 of 2nd period - Justin Abdelkader wins face-off versus Darren Helm in BlackHawks zone.
7:05 of 2nd period - Shot by Matt Halischuk.
7:05 of 2nd period - Shot Misses the Net.
8:28 of 2nd period - Shot by Marcus Johansson.
8:28 of 2nd period - Goal by Marcus Johansson - Avalanche : 3 - BlackHawks : 0.
8:29 of 2nd period - Samuel Pahlsson wins face-off versus Cody Hodgson in neutral zone.
9:03 of 2nd period - Icing by Michael Del Zotto.
9:04 of 2nd period - Cody Hodgson wins face-off versus Darren Helm in Avalanche zone.
9:09 of 2nd period - Bryan Little is hit by Brayden Schenn and loses puck.
10:44 of 2nd period - Shot by Samuel Pahlsson.
10:44 of 2nd period - Shot Misses the Net.
11:15 of 2nd period - Minor Penalty to Brayden Schenn for Boarding.
11:16 of 2nd period - Derek Stepan wins face-off versus Darren Helm in Avalanche zone.
11:16 of 2nd period - Derek Stepan is hit by Darren Helm.
11:43 of 2nd period - Darren Helm is hit by Kevin Shattenkirk and loses puck.
12:54 of 2nd period - Marian Hossa is hit by Darren Helm and loses puck.
13:06 of 2nd period - Shot by P.K. Subban.
13:06 of 2nd period - Shot Misses the Net.
13:21 of 2nd period - Louis Leblanc is hit by Matt Gilroy and loses puck.
13:28 of 2nd period - Shot by Tyler Kennedy.
13:28 of 2nd period - Stopped by Evgeni Nabokov without a rebound.
13:29 of 2nd period - Justin Abdelkader wins face-off versus Tyler Kennedy in Avalanche zone.
13:29 of 2nd period - Justin Abdelkader is hit by Tyler Kennedy.
13:34 of 2nd period - Michael Del Zotto is hit by Jamie McGinn and loses puck.
13:56 of 2nd period - Matt Halischuk is hit by Mark Eaton and loses puck.
14:21 of 2nd period - Shot by Samuel Pahlsson.
14:21 of 2nd period - Shot Misses the Net.
14:45 of 2nd period - Shot by Louis Leblanc.
14:45 of 2nd period - Stopped by Evgeni Nabokov without a rebound.
14:46 of 2nd period - Darren Helm wins face-off versus Derek Stepan in Avalanche zone.
14:47 of 2nd period - Shot by Zach Parise.
14:47 of 2nd period - Shot Misses the Net.
14:49 of 2nd period - Shot by Zach Parise.
14:49 of 2nd period - Stopped by Evgeni Nabokov with a rebound.
15:04 of 2nd period - Icing by Kevin Shattenkirk.
15:05 of 2nd period - Jay McClement wins face-off versus Derek Stepan in Avalanche zone.
15:14 of 2nd period - Shot by Bryan Little.
15:14 of 2nd period - Shot Misses the Net.
15:24 of 2nd period - Shot by Teemu Selanne.
15:24 of 2nd period - Shot Blocked by Brett Clark.
15:52 of 2nd period - Off-side.
15:53 of 2nd period - Cody Hodgson wins face-off versus Tyler Kennedy in neutral zone.
16:30 of 2nd period - Shot by Cody Hodgson.
16:30 of 2nd period - Shot Misses the Net.
16:36 of 2nd period - Michael Del Zotto is hit by Jamie McGinn.
16:37 of 2nd period - Icing by Michael Del Zotto.
16:38 of 2nd period - Samuel Pahlsson wins face-off versus Brayden Schenn in Avalanche zone.
17:01 of 2nd period - Samuel Pahlsson is hit by Michael Del Zotto and loses puck.
17:04 of 2nd period - Shot by Louis Leblanc.
17:04 of 2nd period - Shot Blocked by Michael Del Zotto.
17:12 of 2nd period - Shot by Samuel Pahlsson.
17:12 of 2nd period - Shot Blocked by Matt Gilroy.
17:14 of 2nd period - Shot by Mark Eaton.
17:14 of 2nd period - Stopped by Evgeni Nabokov without a rebound.
17:15 of 2nd period - Darren Helm wins face-off versus Derek Stepan in Avalanche zone.
17:25 of 2nd period - Icing by Brett Clark.
17:26 of 2nd period - Kyle Turris wins face-off versus Darren Helm in BlackHawks zone.
17:41 of 2nd period - Shot by Zach Parise.
17:41 of 2nd period - Stopped by Evgeni Nabokov without a rebound.
17:42 of 2nd period - Tyler Kennedy wins face-off versus Derek Stepan in Avalanche zone.
18:03 of 2nd period - Shot by Derek Stepan.
18:03 of 2nd period - Shot Misses the Net.
18:05 of 2nd period - Shot by Milan Jurcina.
18:05 of 2nd period - Shot Blocked by P.K. Subban.
18:41 of 2nd period - Chris Campoli is hit by Derek Stepan and loses puck.
19:42 of 2nd period - Shot by Brayden Schenn.
19:42 of 2nd period - Shot Misses the Net.
19:52 of 2nd period - Shot by Brayden Schenn.
19:52 of 2nd period - Shot Blocked by Mark Eaton.
19:54 of 2nd period - Shot by Marian Hossa.
19:54 of 2nd period - Stopped by Martin Brodeur without a rebound.
19:55 of 2nd period - Tyler Kennedy wins face-off versus Kyle Turris in BlackHawks zone.

3rd period


0:01 of 3rd period - Darren Helm wins face-off versus Cody Hodgson in neutral zone.
0:06 of 3rd period - Shot by Zach Parise.
0:06 of 3rd period - Deflect By Bryan Little.
0:06 of 3rd period - Goal by Bryan Little - Avalanche : 3 - BlackHawks : 1.
0:07 of 3rd period - Cody Hodgson wins face-off versus Darren Helm in neutral zone.
0:24 of 3rd period - Shot by Bryan Little.
0:24 of 3rd period - Shot Blocked by John Carlson.
0:26 of 3rd period - Shot by P.K. Subban.
0:26 of 3rd period - Stopped by Evgeni Nabokov without a rebound.
0:27 of 3rd period - Derek Stepan wins face-off versus Tyler Kennedy in Avalanche zone.
0:35 of 3rd period - Minor Penalty to Brett Clark for Hooking.
0:36 of 3rd period - Derek Stepan wins face-off versus Bryan Little in BlackHawks zone.
0:57 of 3rd period - Shot by Matt Gilroy.
0:57 of 3rd period - Shot Blocked by P.K. Subban.
1:43 of 3rd period - Jay McClement is hit by Kevin Shattenkirk and loses puck.
2:46 of 3rd period - Justin Abdelkader is hit by Brett Clark and loses puck.
2:53 of 3rd period - Milan Jurcina is hit by Tyler Kennedy and loses puck.
2:58 of 3rd period - Shot by Brett Clark.
2:58 of 3rd period - Stopped by Evgeni Nabokov without a rebound.
2:59 of 3rd period - Kyle Turris wins face-off versus Darren Helm in Avalanche zone.
3:10 of 3rd period - Shot by Chris Stewart.
3:10 of 3rd period - Stopped by Martin Brodeur without a rebound.
3:11 of 3rd period - Ryan White wins face-off versus Tyler Kennedy in BlackHawks zone.
3:17 of 3rd period - Minor Penalty to P.K. Subban for Holding.
3:18 of 3rd period - Bryan Little wins face-off versus Derek Stepan in BlackHawks zone.
3:59 of 3rd period - Off-side.
4:00 of 3rd period - Jay McClement wins face-off versus Kyle Turris in neutral zone.
4:10 of 3rd period - Shot by Brayden Schenn.
4:10 of 3rd period - Stopped by Martin Brodeur without a rebound.
4:11 of 3rd period - Kyle Turris wins face-off versus Bryan Little in BlackHawks zone.
4:16 of 3rd period - Shot by Kevin Shattenkirk.
4:16 of 3rd period - Shot Misses the Net.
4:18 of 3rd period - Shot by Teemu Selanne.
4:18 of 3rd period - Stopped by Martin Brodeur without a rebound.
4:19 of 3rd period - Bryan Little wins face-off versus Kyle Turris in BlackHawks zone.
4:55 of 3rd period - Icing by Kevin Shattenkirk.
4:56 of 3rd period - Kyle Turris wins face-off versus Jay McClement in Avalanche zone.
5:23 of 3rd period - Shot by Michael Del Zotto.
5:23 of 3rd period - Shot Blocked by Tyler Kennedy.
5:49 of 3rd period - Icing by P.K. Subban.
5:50 of 3rd period - Tyler Kennedy wins face-off versus Derek Stepan in BlackHawks zone.
7:28 of 3rd period - Shot by Louis Leblanc.
7:28 of 3rd period - Shot Blocked by Michael Del Zotto.
7:30 of 3rd period - Shot by Samuel Pahlsson.
7:30 of 3rd period - Stopped by Evgeni Nabokov without a rebound.
7:31 of 3rd period - Tyler Kennedy wins face-off versus Justin Abdelkader in Avalanche zone.
7:51 of 3rd period - Matt Halischuk is hit by P.K. Subban and loses puck.
8:59 of 3rd period - Bryan Little is hit by Kevin Shattenkirk and loses puck.
10:52 of 3rd period - Shot by Petr Sykora.
10:52 of 3rd period - Shot Misses the Net.
11:34 of 3rd period - Shot by Samuel Pahlsson.
11:34 of 3rd period - Goal by Samuel Pahlsson - Avalanche : 3 - BlackHawks : 2.
11:35 of 3rd period - Cody Hodgson wins face-off versus Tyler Kennedy in neutral zone.
11:46 of 3rd period - Icing by Kevin Shattenkirk.
11:47 of 3rd period - Cody Hodgson wins face-off versus Darren Helm in Avalanche zone.
12:09 of 3rd period - Bryan Little is hit by John Carlson and loses puck.
12:13 of 3rd period - Minor Penalty to John Carlson for Hooking.
12:14 of 3rd period - Simon Gagne wins face-off versus Derek Stepan in Avalanche zone.
12:21 of 3rd period - Shot by P.K. Subban.
12:21 of 3rd period - Shot Misses the Net.
12:45 of 3rd period - Icing by Jack Hillen.
12:46 of 3rd period - Samuel Pahlsson wins face-off versus Kyle Turris in BlackHawks zone.
12:51 of 3rd period - Shot by P.K. Subban.
12:51 of 3rd period - Shot Blocked by Brayden McNabb.
12:53 of 3rd period - Shot by P.K. Subban.
12:53 of 3rd period - Goal by P.K. Subban - Avalanche : 3 - BlackHawks : 3.
12:54 of 3rd period - Darren Helm wins face-off versus Cody Hodgson in neutral zone.
12:54 of 3rd period - Zach Parise is hit by Brayden Schenn and loses puck.
13:58 of 3rd period - Shot by P.K. Subban.
13:58 of 3rd period - Shot Misses the Net.
14:10 of 3rd period - Shot by P.K. Subban.
14:10 of 3rd period - Shot Misses the Net.
15:15 of 3rd period - Off-side.
15:16 of 3rd period - Justin Abdelkader wins face-off versus Darren Helm in neutral zone.
15:42 of 3rd period - Bryan Little is hit by Justin Abdelkader and loses puck.
16:22 of 3rd period - Off-side.
16:23 of 3rd period - Derek Stepan wins face-off versus Samuel Pahlsson in neutral zone.
16:36 of 3rd period - Shot by Marcus Johansson.
16:36 of 3rd period - Deflect By Teemu Selanne.
16:36 of 3rd period - Stopped by Martin Brodeur without a rebound.
16:37 of 3rd period - Cody Hodgson wins face-off versus Tyler Kennedy in BlackHawks zone.
17:13 of 3rd period - Shot by Tyler Kennedy.
17:13 of 3rd period - Shot Misses the Net.
18:06 of 3rd period - Shot by Brett Clark.
18:06 of 3rd period - Shot Misses the Net.
18:08 of 3rd period - Shot by Brett Clark.
18:08 of 3rd period - Shot Misses the Net.
18:10 of 3rd period - Shot by Bryan Little.
18:10 of 3rd period - Shot Misses the Net.
18:57 of 3rd period - Off-side.
18:58 of 3rd period - Cody Hodgson wins face-off versus Jay McClement in neutral zone.
19:06 of 3rd period - Shot by Marian Hossa.
19:06 of 3rd period - Shot Hit the Post.
19:08 of 3rd period - Shot by Michael Del Zotto.
19:08 of 3rd period - Shot Misses the Net.
19:40 of 3rd period - Shot by Marian Hossa.
19:40 of 3rd period - Stopped by Martin Brodeur without a rebound.
19:41 of 3rd period - Kyle Turris wins face-off versus Tyler Kennedy in BlackHawks zone.
19:46 of 3rd period - Shot by Petr Sykora.
19:46 of 3rd period - Stopped by Martin Brodeur without a rebound.
19:47 of 3rd period - Tyler Kennedy wins face-off versus Kyle Turris in BlackHawks zone.

Overtime #1


0:01 of 1st overtime period - Simon Gagne wins face-off versus Kyle Turris in neutral zone.
0:13 of 1st overtime period - Off-side.
0:14 of 1st overtime period - Kyle Turris wins face-off versus Simon Gagne in neutral zone.
0:32 of 1st overtime period - Shot by Kyle Turris.
0:32 of 1st overtime period - Stopped by Martin Brodeur without a rebound.
0:33 of 1st overtime period - Kyle Turris wins face-off versus Simon Gagne in BlackHawks zone.
1:11 of 1st overtime period - Matt Halischuk is hit by Simon Gagne and loses puck.
2:14 of 1st overtime period - Icing by John Carlson.
2:15 of 1st overtime period - Ryan White wins face-off versus Bryan Little in Avalanche zone.
2:22 of 1st overtime period - Shot by Marian Hossa.
2:22 of 1st overtime period - Stopped by Martin Brodeur with a rebound.
3:00 of 1st overtime period - Icing by P.K. Subban.
3:01 of 1st overtime period - Samuel Pahlsson wins face-off versus Kyle Turris in BlackHawks zone.
3:07 of 1st overtime period - Shot by Samuel Pahlsson.
3:07 of 1st overtime period - Goal by Samuel Pahlsson - Avalanche : 3 - BlackHawks : 4.


Output by the SimonT Hockey Simulator (STHS) for Stephane Roy -- Original Page W3C XHTML 1.0 Valid
Hockey Simulator - Hockey Simulation - Hockey Manager